 Dungeon Crawl Stone Soup version 0.18.1-50-g88ac8fd (webtiles) character file.

13158 SofaKingKewl the Thaumaturge (level 11, -14/75 HPs)
             Began as a Demonspawn Ice Elementalist on Oct 20, 2016.
             Was a Priest of Sif Muna.
             Demolished by Woxaris's ghost (18 damage)
             ... on level 1 of the Lair of Beasts.
             The game lasted 00:42:32 (19999 turns).

SofaKingKewl the Thaumaturge (DsIE)                Turns: 19999, Time: 00:42:33

Health: -14/75     AC: 22    Str:  9    XL:     11   Next: 71%
Magic:  0/33       EV: 10    Int: 20    God:    Sif Muna [***...]
Gold:   27         SH:  6    Dex: 17    Spells: 7 memorised, 5 levels left

rFire  x . .     SeeInvis +     E - +1 dagger (elec)
rCold  + . .     Gourm    +     r - +1 leather armour of Tartarus {*Contam rElec rC- SInv} (curse)
rNeg   . . .     Faith    .     y - +1 buckler {rC+}
rPois  .         Spirit   +     j - +0 helmet
rElec  +         Dismiss  .     (no cloak)
rCorr  .         Reflect  .     u - +0 pair of gloves
SustAt .         Harm     .     G - +1 pair of boots of Satisfaction {MP+9 Dex+4}
MR     .....                    v - amulet of the gourmand
Stlth  +++.......               (no ring)
                                h - ring of ice

@: icy armour, slow, not resistant to hostile enchantments, fairly stealthy
A: talons 1, iridescent scales 2, foul stench 1, magic shield, rot immunity
a: Channel Energy, Renounce Religion


You were on level 1 of the Lair of Beasts.
You worshipped Sif Muna.
Sif Muna was most pleased with you.
You were very full.

You visited 3 branches of the dungeon, and saw 12 of its levels.

You collected 399 gold pieces.
You spent 372 gold pieces at shops.

Inventory:

Hand Weapons
 k - a +2 dagger of draining
 n - a +2 rapier of venom
 A - the +8 rapier of Valour {flame, rPois Dex-5 Stlth+}
   (You found it on level 8 of the Dungeon)

   It has been specially enchanted to burn those struck by it, causing extra
   injury to most foes and up to half again as much damage against particularly
   susceptible opponents.
   It affects your dexterity (-5).
   It protects you from poison.
   It makes you more stealthy.
 E - a +1 dagger of electrocution (weapon)
Missiles
 x - 2 throwing nets (quivered)
Armour
 j - a +0 helmet (worn)
 m - a +0 fire dragon armour
 r - the cursed +1 leather armour of Tartarus (worn) {*Contam rElec rC- SInv}
   (You found it on level 4 of the Dungeon)

   It makes you vulnerable to cold.
   It insulates you from electricity.
   It lets you see invisible.
   It causes magical contamination when unequipped.
   It has a curse placed upon it.
 u - a +0 pair of gloves (worn)
 y - a +1 buckler of cold resistance (worn)
 G - the +1 pair of boots of Satisfaction (worn) {MP+9 Dex+4}
   (You found it on level 10 of the Dungeon)

   It affects your dexterity (+4).
   It affects your magic capacity (+9).
Magical Staves
 w - an uncursed staff of cold
Jewellery
 h - a ring of ice (left hand)
 v - an amulet of the gourmand (around neck)
Scrolls
 d - a scroll of fog
 q - 5 scrolls of teleportation
 s - 9 scrolls of magic mapping
 z - 4 scrolls of remove curse
 H - 2 scrolls of identify
Potions
 f - 6 potions of curing
 l - a potion of resistance
 F - a potion of magic
Comestibles
 a - 7 royal jellies
 c - 7 bread rations
 i - 4 beef jerkies
 o - 4 meat rations


   Skills:
 + Level 3.0 Fighting
 + Level 3.1 Short Blades
 + Level 1.3 Staves
 + Level 3.2 Armour
 + Level 6.0 Dodging
 + Level 3.4 Stealth
 * Level 4.6 Shields
 + Level 0.1 Unarmed Combat
 * Level 9.2 Spellcasting
 * Level 6.4 Conjurations
 + Level 0.3 Charms
 * Level 8.3 Ice Magic
 * Level 7.4 Invocations


You had 5 spell levels left.
You knew the following spells:

 Your Spells              Type           Power        Failure   Level  Hunger
a - Freeze                Ice            ####         1%          1    None
b - Throw Frost           Conj/Ice       ######       1%          2    None
c - Ozocubu's Armour      Chrm/Ice       #####...     6%          3    None
d - Throw Icicle          Conj/Ice       ######..     6%          4    ###....
e - Summon Ice Beast      Ice/Summ       #####...     21%         4    ###....
f - Freezing Cloud        Conj/Ice/Air   #####.....   99%         6    ######.
g - Mephitic Cloud        Conj/Pois/Air  ###.....     17%         3    None


Dungeon Overview and Level Annotations

Branches:
Dungeon (10/15)            Temple (1/1) D:6            Lair (1/8) D:10
    Orc: D:9-12

Altars:
Ashenzari
Cheibriados
Dithmenos
Elyvilon
Fedhas
Gozag
Kikubaaqudgha
Makhleb
Nemelex Xobeh
Okawaru
Pakellas
Qazlal
Ru
Sif Muna
Trog
Vehumet
Xom
Yredelemnul
Zin
The Shining One

Shops:
D:4 }%?:   D:5 ?   D:10 (

Annotations:
Lair:1 Woxaris's ghost, journeyman MiBe


Innate Abilities, Weirdness & Mutations

You have sharp toenails.
You are mostly covered in iridescent scales (AC +6).
You may emit foul miasma when damaged in melee.
When hurt, damage is shared between your health and your magic reserves.
You are immune to rotting.


Message History

You barely miss Woxaris's ghost.
Woxaris's ghost is lightly damaged.
Woxaris's ghost hits you!!
Your leather armour of Tartarus prevents you from hitting Woxaris's ghost.
Woxaris's ghost is lightly damaged.
You block Woxaris's ghost's attack.
You hit Woxaris's ghost but do no damage.
There is a sudden explosion of sparks!
Woxaris's ghost is moderately damaged.
Woxaris's ghost hits you!!
You hit Woxaris's ghost but do no damage.
There is a sudden explosion of sparks!
Woxaris's ghost is moderately damaged.
You hit Woxaris's ghost but do no damage.
There is a sudden explosion of sparks!
Woxaris's ghost is heavily damaged.
Woxaris's ghost hits you!!
* * * LOW HITPOINT WARNING * * *
Woxaris's ghost hits you!!
You die...

...# ###.## ##
...###....## ..
##.....#...#### .# .
###..####....## .####..
#...####....##.......
##....####.........#
#......# ##..:...###
##...#..###...W...##...
##...###.......?@.......
...### ##......###......
..## #......## #.....
### #......# #.... ..#
#..#....# .... ..#
..###...... ... ### #.#
...#.... .. .# #..####..


You could see Woxaris's ghost.

Vanquished Creatures
  An unseen horror (D:10)
  The ghost of Drunkenshrew the Fighter, a novice DgFi (D:6)
  A hill giant (D:10)
  A spiny frog (Lair:1)
  2 komodo dragons (Lair:1)
  2 trolls (D:10)
  A queen bee (D:9)
  A wyvern (D:9)
  A wraith (D:10)
  2 hippogriffs
  17 yaks
  A hungry ghost (D:8)
  A soldier ant (D:10)
  2 water moccasins
  2 porcupines (Lair:1)
  2 black bears (D:10)
  2 ice beasts
  5 orc warriors
  A sky beast (D:5)
  A phantom (D:5)
  5 centaurs
  A necrophage (D:5)
  10 ogres
  2 crocodiles (D:10)
  7 giant frogs
  2 big kobolds
  A wyvern skeleton (D:8)
  4 scorpions
  A water moccasin skeleton (D:8)
  26 killer bees
  3 wights (D:10)
  6 howler monkeys
  3 crimson imps
  A quasit (D:6)
  7 hounds
  A centaur skeleton (D:9)
  3 jellies
  2 giant frog skeletons (D:8)
  8 orc priests
  4 iguanas
  Natasha (thrice) (D:4)
  9 worker ants
  8 orc wizards
  A killer bee zombie (D:6)
  2 hound zombies (D:7)
  A hound skeleton (D:9)
  Robin (D:2)
  15 adders
  2 river rats (D:10)
  3 shadow imps
  3 adder skeletons
  2 worms (D:3)
  3 dart slugs
  5 giant geckos
  49 orcs
  14 bats
  8 giant cockroaches
  10 hobgoblins
  14 jackals
  3 quokkas
  2 ball pythons
  6 giant newts
  9 goblins
  17 kobolds
  A quokka skeleton (D:4)
  19 rats
354 creatures vanquished.

Vanquished Creatures (others)
  An orc wizard (D:6)
  18 fungi (D:10)
  2 plants (D:10)
21 creatures vanquished.

Grand Total: 375 creatures vanquished

Notes
Turn   | Place    | Note
--------------------------------------------------------------
     0 | D:1      | SofaKingKewl the Demonspawn Ice Elementalist began the quest for the Orb.
     0 | D:1      | Reached XP level 1. HP: 13/13 MP: 3/3
   465 | D:1      | Gained mutation: You are immune to rotting. [demonic ancestry]
   465 | D:1      | Reached XP level 2. HP: 19/19 MP: 5/5
   469 | D:1      | Learned a level 2 spell: Throw Frost
  1901 | D:2      | Gained mutation: You have sharp toenails. [demonic ancestry]
  1901 | D:2      | Reached XP level 3. HP: 24/24 MP: 6/6
  1906 | D:2      | Learned a level 3 spell: Ozocubu's Armour
  1932 | D:2      | Found a burning altar of Makhleb.
  1932 | D:2      | Noticed a balrug
  2036 | D:2      | Noticed Robin
  2441 | D:2      | Killed Robin
  2859 | D:2      | Found a stormy altar of Qazlal.
  3018 | D:2      | Gained mutation: You are partially covered in iridescent scales (AC +4). [demonic ancestry]
  3018 | D:2      | Reached XP level 4. HP: 30/30 MP: 5/8
  3099 | D:3      | Found an oddly glowing altar of Pakellas.
  3112 | D:3      | Found an ancient bone altar of Kikubaaqudgha.
  3574 | D:3      | Reached skill level 3 in Spellcasting
  4384 | D:3      | Noticed an ogre
  4390 | D:3      | Killed an ogre
  4390 | D:3      | Gained mutation: You may emit foul miasma when damaged in melee. [demonic ancestry]
  4390 | D:3      | Reached XP level 5. HP: 11/36 MP: 4/10
  4405 | D:3      | Learned a level 4 spell: Throw Icicle
  5130 | D:3      | Reached XP level 6. HP: 41/42 MP: 11/11
  5313 | D:4      | Got a distressingly furry leather armour
  5324 | D:4      | Identified the cursed +1 leather armour of Tartarus {*Contam rElec rC- SInv} (You found it on level 4 of the Dungeon)
  5325 | D:4      | Found Kuxaac's Food Boutique.
  5399 | D:4      | Reached skill level 1 in Fighting
  5693 | D:4      | Found Arapn's Book Shop.
  5791 | D:4      | Found Niehimm's Magic Scroll Shoppe.
  5797 | D:4      | Bought a scroll of identify for 20 gold pieces
  5797 | D:4      | Bought 3 scrolls of magic mapping for 105 gold pieces
  5797 | D:4      | Bought a scroll of identify for 20 gold pieces
  5967 | D:4      | Found Lafuifukh's Gadget Boutique.
  6076 | D:4      | Noticed Natasha
  6094 | D:4      | Killed Natasha
  6094 | D:4      | Reached skill level 4 in Spellcasting
  6211 | D:4      | Reached XP level 7. HP: 22/48 MP: 0/13
  6849 | D:4      | Noticed Natasha
  6853 | D:4      | Killed Natasha
  6969 | D:4      | Reached skill level 1 in Armour
  7219 | D:4      | Noticed Natasha
  7222 | D:4      | Killed Natasha
  7222 | D:4      | Reached skill level 5 in Ice Magic
  7395 | D:4      | Bought a scroll of identify for 20 gold pieces
  7463 | D:5      | Entered Level 5 of the Dungeon
  7706 | D:5      | Found Zoampum's Magic Scroll Boutique.
  7710 | D:5      | Found a sparkling altar of Nemelex Xobeh.
  7719 | D:5      | Reached skill level 5 in Spellcasting
  7935 | D:5      | Gained mutation: When hurt, damage is shared between your health and your magic reserves. [demonic ancestry]
  7935 | D:5      | Reached XP level 8. HP: 41/54 MP: 8/15
  8489 | D:5      | Learned a level 4 spell: Summon Ice Beast
  8610 | D:5      | Found a glowing golden altar of the Shining One.
  8748 | D:5      | Found a sacrificial altar of Ru.
  8832 | D:5      | Found a radiant altar of Vehumet.
  9064 | D:5      | Reached skill level 1 in Short Blades
  9309 | D:6      | Noticed Drunkenshrew's ghost (novice DgFi)
  9580 | D:6      | Found a staircase to the Ecumenical Temple.
  9643 | Temple   | Entered the Ecumenical Temple
  9655 | Temple   | Became a worshipper of Sif Muna the Loreminder
  9847 | D:6      | Reached skill level 6 in Spellcasting
 10210 | D:6      | Reached skill level 1 in Invocations
 10752 | D:6      | Reached XP level 9. HP: 48/61 MP: 3/18
 11275 | D:7      | Found a blossoming altar of Fedhas.
 11292 | D:7      | Identified a scroll of acquirement
 11509 | D:7      | Found a bloodstained altar of Trog.
 11572 | D:7      | Reached skill level 1 in Staves
 12031 | D:7      | Reached skill level 1 in Shields
 12344 | D:8      | Reached * piety under Sif Muna
 12496 | D:8      | Reached skill level 7 in Spellcasting
 14199 | D:8      | Gained mutation: You are mostly covered in iridescent scales (AC +6). [demonic ancestry]
 14199 | D:8      | Reached XP level 10. HP: 67/67 MP: 12/21
 14773 | D:8      | Got an ivory rapier
 14774 | D:8      | Identified the +8 rapier of Valour {flame, rPois Dex-5 Stlth+} (You found it on level 8 of the Dungeon)
 14902 | D:9      | Reached skill level 5 in Invocations
 14978 | D:9      | Reached skill level 5 in Dodging
 15118 | D:9      | Reached skill level 5 in Conjurations
 15325 | D:9      | Reached ** piety under Sif Muna
 15860 | D:9      | Reached skill level 8 in Spellcasting
 16431 | D:10     | Entered Level 10 of the Dungeon
 16488 | D:10     | Noticed an unseen horror
 16502 | D:10     | Killed an unseen horror
 16939 | D:10     | Reached XP level 11. HP: 73/74 MP: 9/23
 17406 | D:10     | Reached *** piety under Sif Muna
 17601 | D:10     | Found Veisum's Weapon Boutique.
 17812 | D:10     | Found Foxeamn's Food Emporium.
 18026 | D:10     | Got a pair of brightly glowing boots
 18032 | D:10     | Identified the +1 pair of boots of Satisfaction {MP+9 Dex+4} (You found it on level 10 of the Dungeon)
 18069 | D:10     | Noticed a hill giant
 18083 | D:10     | Killed a hill giant
 18629 | D:10     | Reached skill level 9 in Spellcasting
 18930 | D:10     | Found a staircase to the Lair.
 19137 | D:6      | Killed Drunkenshrew's ghost
 19174 | D:5      | Bought a scroll of identify for 26 gold pieces
 19174 | D:5      | Bought a scroll of magic mapping for 45 gold pieces
 19174 | D:5      | Bought 3 scrolls of magic mapping for 136 gold pieces
 19182 | D:5      | Learned a level 6 spell: Freezing Cloud
 19186 | D:5      | Learned a level 3 spell: Mephitic Cloud
 19402 | Lair:1   | Entered Level 1 of the Lair of Beasts
 19644 | Lair:1   | Noticed Woxaris's ghost (journeyman MiBe)
 19998 | Lair:1   | HP: 3/75 [Woxaris's ghost (24)]
 19999 | Lair:1   | Demolished by Woxaris's ghost

Skill      XL: |  1  2  3  4  5  6  7  8  9 10 11 |
---------------+----------------------------------+-----
Ice Magic      | 3 4 5 6 7 8 |  8.3
Dodging        | 2 3 4 5 6 |  6.0
Stealth        | 2 3 |  3.4
Spellcasting   | 3 4 5 6 7 8 9 |  9.2
Fighting       | 1 2 3 |  3.0
Conjurations   | 2 3 4 5 6 |  6.4
Armour         | 1 2 3 |  3.2
Short Blades   | 1 2 3 |  3.1
Invocations    | 2 4 6 7 |  7.4
Staves         | 1 |  1.3
Shields        | 2 3 4 |  4.6
Unarmed Combat | |  0.1
Charms         | |  0.3

Action                   |  1- 3 |  4- 6 |  7- 9 | 10-12 || total
-------------------------+-------+-------+-------+-------++-------
Melee: Dagger            |    62 |    79 |   366 |    53 ||   560
       Unarmed           |     3 |       |       |       ||     3
       Kick              |     5 |    20 |    77 |    32 ||   134
       Staff             |       |       |    57 |       ||    57
       Rapier            |       |       |     4 |   300 ||   304
Throw: Throwing net      |       |       |       |     1 ||     1
 Cast: Freeze            |    28 |    40 |    44 |    21 ||   133
       Throw Frost       |    29 |    48 |    78 |    22 ||   177
       Ozocubu's Armour  |     1 |       |     3 |     5 ||     9
       Throw Icicle      |       |       |    57 |    87 ||   144
Invok: Channel Energy    |       |       |       |     1 ||     1
  Use: Scroll            |     6 |     2 |    11 |     6 ||    25
       Potion            |       |       |     3 |     3 ||     6
 Stab: Sleeping          |     3 |     1 |     2 |     4 ||    10
       Distracted        |       |       |       |     2 ||     2
       Held in net/web   |       |       |       |     1 ||     1
  Eat: Chunk             |     8 |    12 |    58 |    25 ||   103
       Pizza             |       |       |     1 |       ||     1
       Beef jerky        |       |       |     1 |       ||     1
Armor: Robe              |    16 |    10 |       |       ||    26
       Leather armour    |       |    16 |   194 |   120 ||   330
Dodge: Dodged            |    77 |    56 |   353 |   230 ||   716
Block: Buckler           |       |       |    55 |    93 ||   148
